 Dungeon Crawl Stone Soup version 0.29.1-15-g9cfb28693d (webtiles) character file.

Game seed: 13475250507947011923

97 leetdood the Shield-Bearer (level 4, -3/41 HPs)
             Began as a Minotaur Fighter on Mar 11, 2023.
             Slain by a gnoll
             ... wielding a +0 halberd
             ... led by a gnoll bouda
              (9 damage)
             ... on level 4 of the Dungeon.
             The game lasted 00:06:18 (2723 turns).

leetdood the Shield-Bearer (Minotaur Fighter)       Turns: 2723, Time: 00:06:19

Health: -3/41      AC: 10    Str: 22    XL:     4   Next: 42%
Magic:  3/3        EV:  7    Int: 11    God:
Gold:   134        SH:  4    Dex: 10    Spells: 3/3 levels left

rFire   . . .      SeeInvis .   a - +0 war axe
rCold   . . .      Faith    .   c - +0 buckler
rNeg    . . .      Spirit   .   m - +0 chain mail
rPois   .          Reflect  .   (helmet restricted)
rElec   .          Harm     .   g - +0 cloak
rCorr   .          Rampage  .   (no gloves)
Will    .....                   (no boots)
Stlth   ..........              (no amulet)
HPRegen 0.13/turn               f - +6 ring of intelligence
MPRegen 0.08/turn               (no ring)

@: mighty, hasted, very quick
A: horns 2, retaliatory headbutt
a: no special abilities


You were on level 4 of the Dungeon.
You visited 1 branch of the dungeon, and saw 4 of its levels.

You collected 134 gold pieces.

Inventory:

Hand Weapons
 a - a +0 war axe (weapon)
Armour
 c - a +0 buckler (worn)
 g - a +0 cloak (worn)
 m - a +0 chain mail (worn)
Jewellery
 f - a +6 ring of intelligence (left hand)
Scrolls
 b - a scroll of immolation {unknown}
 h - a scroll of magic mapping {unknown}
 i - 2 scrolls of teleportation
 j - a scroll of poison {unknown}
 k - 2 scrolls of enchant weapon {unknown}
 l - a scroll of summoning {unknown}
 o - a scroll of noise {unknown}
 p - 2 scrolls of fear {unknown}
 r - a scroll of torment {unknown}
Potions
 e - a potion of cancellation
 n - a potion of haste
 q - a potion of heal wounds {unknown}


   Skills:
 + Level 4.4 Fighting
 * Level 3.8 Axes
 + Level 4.3 Armour
 + Level 4.4 Shields


You had 3 spell levels left.
You didn't know any spells.
Your spell library contained the following spells:

 Spells                   Type           Power      Damage    Failure   Level
 Sandblast                Erth           0%         2d4       98%         1
 Passwall                 Tmut/Erth      0%         N/A       99%         2
 Scorch                   Fire           0%         2d5       99%         2
 Stone Arrow              Conj/Erth      0%         3d7       100%        3
 Flame Wave               Conj/Fire      0%         2d4       100%        4
 Summon Cactus Giant      Summ           0%         N/A       100%        6


Dungeon Overview and Level Annotations

Branches:
Dungeon (4/15)
 Temple: D:4-7

Altars:
Qazlal


Innate Abilities, Weirdness & Mutations

You have a pair of horns on your head.
You reflexively headbutt those who attack you in melee.


Message History

The gnoll hits you from afar with a +0 spear.
You closely miss the gnoll.
The gnoll is heavily wounded.
The gnoll hits you with a +0 flail. The gnoll hits you but does no damage.
You block the gnoll's attack.
You barely miss the gnoll.
The gnoll is heavily wounded.
The gnoll barely misses you. You furiously retaliate!
You headbutt the gnoll!
You kill the gnoll!
The gnoll bouda gazes fiercely through you!
You feel your attacks grow feeble.
The gnoll bouda hits you with a +0 club.
The gnoll hits you but does no damage. The gnoll barely misses you.
You closely miss the gnoll bouda. The gnoll barely misses you.
The gnoll closely misses you.
The gnoll bouda hits you with a +0 club.
You slash the gnoll bouda! Your headbutt misses the gnoll bouda.
The gnoll bouda is heavily wounded.
You block the gnoll's attack. The gnoll closely misses you.
You block the gnoll bouda's attack. The gnoll closely misses you.
You hit the gnoll bouda. You headbutt the gnoll bouda.
The gnoll bouda is severely wounded.
The gnoll hits you from afar with a +0 spear.
The gnoll bouda hits you with a +0 club.
The gnoll barely misses you.
The gnoll hits you from afar with a +0 spear.
* * * LOW HITPOINT WARNING * * *
The gnoll bouda closely misses you. You furiously retaliate!
You headbutt the gnoll bouda.
You kill the gnoll bouda!
You have reached level 4!
You feel agile.
You feel yourself speed up.
The gnoll hits you from afar with a +0 halberd.
* * * LOW HITPOINT WARNING * * *
The gnoll hits you from afar with a +0 spear.
* * * LOW HITPOINT WARNING * * *
Your attacks no longer feel as feeble.
The gnoll hits you with a +0 halberd!
You die...

#####.≈≈#####
......≈≈≈≈≈#
.....≈≈≈≈≈#
.....≈≈≈≈#
.....≈≈≈#
......≈#.
###+##g.......
#...)@g...#
#....#........ ..
### #....#######.#
##....##...#.....#
... <.....####'###
#.. .....##....##
#.. ...##.....#
..#######.##....##
#.##...##.......##


You could see 2 gnolls.

Vanquished Creatures
  A gnoll bouda (D:4)
  An adder (D:2)
  A gnoll (D:4)
  A worm (D:2)
  An orc (D:3)
  6 ball pythons
  4 endoplasms
  A giant cockroach (D:1)
  3 goblins
  5 hobgoblins
  2 quokkas
  4 bats
  3 frilled lizards (D:3)
  4 kobolds
  4 rats
41 creatures vanquished.

Notes
Turn   | Place    | Note
-------+----------+-------------------------------------------
     0 | D:1      | leetdood the Minotaur Fighter began the quest for the Orb.
     0 | D:1      | Reached XP level 1. HP: 19/19 MP: 0/0
   374 | D:1      | Reached XP level 2. HP: 27/27 MP: 1/1
  1293 | D:2      | Reached XP level 3. HP: 33/33 MP: 2/2
  1967 | D:3      | Identified the +5 dagger of Duty {speed, rElec Str+3}
  2014 | D:3      | Found a stormy altar of Qazlal.
  2586 | D:3      | Found a faded altar of an unknown god.
  2722 | D:4      | Reached XP level 4. HP: 12/41 MP: 3/3
  2723 | D:4      | Slain by a gnoll

Illustrated notes

Levels and vault maps discovered:
D:1:      minmay_arrival_hallway, layout_loops_ring
D:2:      layout_basic
D:3:      layout_loops_ring, mainiacjoe_overflow_concentric_impassable,
          shapermc_ecumenical_altar_hornbeckon, minmay_misc_feat_roman,
          moated_statue, minivault_11
D:4:      layout_gridville, grunt_temple_overflow_open, grunt_decor_junction,
          minmay_misc_feat_enclosed, lightli_corner_chamber, uniq_duvessa,
          uniq_eustachio

Skill      XL: |  1  2 |
---------------+-------+-----
Shields        | 4 |  4.4
Fighting       | 4 |  4.4
Armour         | 4 |  4.3
Axes           | 3 |  3.8

Action                   |  1- 3 |  4- 6 || total
-------------------------+-------+-------++-------
Melee: War axe           |    87 |       ||    87
       Headbutt          |    12 |       ||    12
  Use: Scroll            |     3 |       ||     3
       Potion            |     1 |     1 ||     2
Armor: Scale mail        |    23 |       ||    23
       Chain mail        |    25 |       ||    25
Dodge: Dodged            |    42 |       ||    42
Block: Buckler           |    17 |       ||    17
